 Dungeon Crawl Stone Soup version bcrawl-1.12-5-g74a5124548 (webtiles) character file.

Game seed: 9794387964195289589

57 MisterOstroum the Skirmisher (level 3, -9/29 HPs)
             Began as a Demonspawn Archaeologist on June 1, 2019.
             Mangled by an ogre
             ... wielding a +0 giant club
              (27 damage)
             ... on level 2 of the Dungeon.
             The game lasted 00:02:30 (1062 turns).

MisterOstroum the Skirmisher (DsAc)                 Turns: 1062, Time: 00:02:31

Health: -9/29      AC: 13    Str: 12    XL:     3   Next: 73%
Magic:  3/3        EV: 18    Int: 15    God:
Gold:   170        SH:  0    Dex: 16    Spells: 2/2 levels left

rFire    . . .     SeeInvis .   t - +0 flail
rCold    . . .     Gourm    .   (no shield)
rNeg     . . .     Faith    .   a - +1 robe
rPois    .         Spirit   .   b - +1 hat
rElec    .         Reflect  .   (no cloak)
rCorr    .         Harm     .   d - +1 pair of gloves
MR       .....                  c - +1 pair of boots
Stlth    +++.......             (no amulet)
HPRegen  0.09/turn              h - +5 ring of protection
MPRegen  0.08/turn              (no ring)

@: agile, studying Maces & Flails
A: powered by pain 2
a: no special abilities


You were on level 2 of the Dungeon.
You were not hungry.

You visited 1 branch of the dungeon, and saw 2 of its levels.

You collected 170 gold pieces.

Inventory:

Hand Weapons
 t - a +0 flail (weapon)
Missiles
 o - 543 stones (quivered)
Armour
 a - a +1 robe (worn)
 b - a +1 hat (worn)
 c - a +1 pair of boots (worn)
 d - a +1 pair of gloves (worn)
 i - a +0 ring mail
Jewellery
 h - a +5 ring of protection (left hand)
Scrolls
 j - a scroll of immolation {unknown}
 l - 2 scrolls of teleportation {unknown}
 m - a scroll of blinking {unknown}
 n - 2 scrolls of identify {unknown}
Potions
 p - 2 potions of brilliance {unknown}
 q - a potion of curing {unknown}
 r - a potion of might {unknown}
 s - a potion of haste {unknown}
Books
 g - a manual of Maces & Flails
Miscellaneous
 f - an ancient crate
Comestibles
 e - 4 rations {!d}
 k - 9 chunks of flesh


   Skills:
 + Level 3.3 Fighting
 + Level 1.6 Maces & Flails
 - Level 2.6 Dodging
 - Level 3.0 Stealth


You had 2 spell levels left.
You didn't know any spells.
Your spell library was empty.

Dungeon Overview and Level Annotations

Branches:
Dungeon (2/12)

Altars:


Innate Abilities, Weirdness & Mutations

You sometimes gain power by taking damage.


Message History

A leopard gecko is nearby!
A leopard gecko is nearby!
A leopard gecko is nearby!
Throwing (i - inventory)
o - 546 stones (quivered)
Press: ? - help, Shift-Dir - straight line, f - leopard gecko
Aim: a leopard gecko You throw a stone.
The stone misses the leopard gecko.
Throwing (i - inventory)
o - 545 stones (quivered)
Press: ? - help, Shift-Dir - straight line, f/p - leopard gecko
Aim: a leopard gecko You throw a stone.
The stone barely misses the leopard gecko.
Throwing (i - inventory)
o - 544 stones (quivered)
Press: ? - help, Shift-Dir - straight line, f/p - leopard gecko
Aim: a leopard gecko You throw a stone.
The stone barely misses the leopard gecko.
You barely miss the leopard gecko.
The leopard gecko bites you but does no damage.
You closely miss the leopard gecko. The leopard gecko barely misses you. x2
You barely miss the leopard gecko. The leopard gecko closely misses you.
You sock the leopard gecko!
You kill the leopard gecko!
No target in view!
No target in view!
No target in view!
No target in view!
No target in view!
No target in view!
No target in view!
No target in view!
No target in view!
No target in view!
No target in view!
No target in view!
No target in view!
No target in view!
No target in view!
No target in view!
No target in view!
No target in view!
No target in view!
No target in view!
No target in view!
No target in view!
No target in view!
No target in view!
No target in view!
You butcher the leopard gecko corpse.
k - 6 chunks of flesh (gained 2)
You see here a leopard gecko skeleton. x2
You butcher the leopard gecko corpse.
k - 8 chunks of flesh (gained 2)
You see here a leopard gecko skeleton. x2
You butcher the frilled lizard corpse.
k - 9 chunks of flesh (gained 1)
You see here a frilled lizard skeleton. x2
Found a stone staircase leading up.
You now have 170 gold pieces (gained 21).
An ogre comes into view. It is wielding a +0 giant club.
The ogre shouts!
The ogre closely misses you.
An ogre is nearby!
You hit the ogre.
The ogre is lightly wounded.
The ogre closely misses you.
You hit the ogre but do no damage.
The ogre is lightly wounded.
The ogre closely misses you.
You barely miss the ogre.
The ogre is lightly wounded.
The ogre barely misses you.
You barely miss the ogre.
The ogre is lightly wounded.
The ogre hits you with a +0 giant club!
You focus on the pain.
You feel agile all of a sudden.
You are too injured to fight recklessly!
You hit the ogre.
The ogre is moderately wounded.
The ogre completely misses you.
You hit the ogre.
The ogre is moderately wounded.
The ogre barely misses you.
You hit the ogre.
The ogre is moderately wounded.
The ogre barely misses you.
You hit the ogre.
The ogre is moderately wounded.
The ogre closely misses you.
You thump the ogre!
The ogre is heavily wounded.
The ogre hits you but does no damage.
You hit the ogre.
The ogre is severely wounded.
The ogre closely misses you.
You hit the ogre but do no damage.
The ogre is severely wounded.
The ogre hits you with a +0 giant club!!
Ouch! That really hurt!
You die...

####..(. ...(...
#..... #.....
###### #..8..
....## #.....
####..... #.####
#.O....######.# #
#@###.##......#
#.#<#.##.######
#.........# #####
####..............
......###..#######
####### ..# ...#
...# ....


You could see an ogre.

Vanquished Creatures
  An ooze (D:1)
  2 worms (D:2)
  2 dart slugs (D:2)
  3 leopard geckos
  3 giant cockroaches (D:1)
  4 hobgoblins (D:1)
  3 jackals (D:1)
  3 bats (D:1)
  4 frilled lizards
  5 goblins
  4 kobolds
  4 rats (D:1)
38 creatures vanquished.

Notes
Turn   | Place    | Note
-------+----------+-------------------------------------------
     0 | D:1      | MisterOstroum the Demonspawn Archaeologist began the quest
                  | for the Orb.
     0 | D:1      | Reached XP level 1. HP: 15/15 MP: 1/1
   126 | D:1      | Gained mutation: You sometimes gain a little power by
                  | taking damage. [demonic ancestry]
   126 | D:1      | Reached XP level 2. HP: 17/22 MP: 2/2
   659 | D:1      | Gained mutation: You sometimes gain power by taking damage.
                  | [demonic ancestry]
   659 | D:1      | Reached XP level 3. HP: 29/29 MP: 3/3
   894 | D:2      | Reached skill level 1 in Maces & Flails
  1051 | D:2      | Noticed an ogre
  1062 | D:2      | Mangled by an ogre

Skill      XL: |  1  2  3 |
---------------+----------+-----
Fighting       | 2 3 |  3.3
Maces & Flails | 1 |  1.6
Dodging        | |  2.6
Stealth        | |  3.0

Action                   || total
-------------------------++-------
Melee: Mace              ||   111
       Flail             ||    43
Throw: Stone             ||    47
 Stab: Sleeping          ||     1
  Eat: Chunk             ||     1
Armor: Robe              ||   127
Dodge: Dodged            ||   163
